 Dungeon Crawl Stone Soup version 0.19-a0-1007-g133f65f (webtiles) character file.

23 mistymad the Skirmisher (level 3, -2/30 HPs)
             Began as a Formicid Abyssal Knight on July 19, 2016.
             Was a Follower of Lugonu.
             Slain by a gnoll
             ... wielding a +0 flail
              (5 damage)
             ... on level 1 of the Dungeon.
             The game lasted 00:01:23 (805 turns).

mistymad the Skirmisher (Formicid Abyssal Knight)    Turns: 805, Time: 00:01:23

Health: -2/30      AC:  3    Str: 17    XL:     3   Next: 12%
Magic:  4/4        EV: 10    Int: 11    God:    Lugonu [*.....]
Gold:   48         SH:  3    Dex: 10    Spells: 0 memorised, 2 levels left

rFire  . . .     SeeInvis +     a - +1 hand axe
rCold  + . .     Gourm    .     j - +0 leather armour (curse)
rNeg   . . .     Faith    .     i - +0 buckler
rPois  .         Spirit   .     (helmet unavailable)
rElec  .         Dismiss  .     (no cloak)
rCorr  .         Reflect  .     (no gloves)
SustAt .         Harm     .     (no boots)
MR     .....                    (no amulet)
Stlth  +.........               (no ring)
                                g - ring of protection from cold

@: not resistant to hostile enchantments, very unstealthy
A: permanent stasis, dig shafts and tunnels, four strong arms, antennae 3
a: Dig, Shaft Self, Depart the Abyss, Renounce Religion


You were on level 1 of the Dungeon.
You worshipped Lugonu.
Lugonu was aware of your devotion.
You were not hungry.

You visited 1 branch of the dungeon, and saw 1 of its levels.
You visited the Abyss 1 time.

You collected 48 gold pieces.

Inventory:

Hand Weapons
 a - a +1 hand axe (weapon)
Armour
 i - a +0 buckler (worn)
 j - a cursed +0 leather armour (worn)
Jewellery
 g - a ring of protection from cold (left hand)
Scrolls
 b - a scroll of remove curse {unknown}
 d - 2 scrolls of identify {unknown}
 e - a scroll of teleportation {unknown}
Potions
 h - a potion of cancellation {unknown}
Comestibles
 c - 3 bread rations


   Skills:
 + Level 3.7 Fighting
 + Level 2.5 Axes
 + Level 2.6 Armour
 - Level 0.8 Dodging
 + Level 0.0 Shields
 - Level 2.1 Invocations


You had 2 spell levels left.
You didn't know any spells.

Dungeon Overview and Level Annotations

Branches:
Dungeon (1/15)

Altars:


Innate Abilities, Weirdness & Mutations

You are under a permanent stasis effect.
You can dig through walls and to a lower floor.
Your four strong arms can wield two-handed weapons with a shield.
You have a pair of large antennae on your head. (SInv)


Message History

You take 7 damage, and have 11/30 hp.
MASSIVE DAMAGE!!
You hit the gnoll.
The gnoll is heavily wounded.
You block the gnoll's attack.
You hit the gnoll.
The gnoll is severely wounded.
The gnoll hits you with a flail!
* * * LOW HITPOINT WARNING * * *
You are too injured to fight recklessly!
You are too injured to fight recklessly!
You take 9 damage, and have 3/30 hp.
MASSIVE DAMAGE!!
You are too injured to fight recklessly!
You are too injured to fight recklessly!
You are too injured to fight recklessly!
You are too injured to fight recklessly!
Unknown command.
Your leather armour prevents you from hitting the gnoll.
The gnoll is severely wounded.
The gnoll hits you with a flail.
You die...

...#...........#
...#...........#
...#...........#
...#...........#
####...........#
# #.....†.....#
# ##..###.....#
{ # #.##
#.....####.# #
#.# #...$..@g..#
# #.#
#....#####.# #
#.# #....# # #.#
###### # #.# #
##.# # #..# #
#.## # #.#


You could see a gnoll.

Vanquished Creatures
  A dart slug (D:1)
  4 bats (D:1)
  A giant cockroach (D:1)
  3 goblins (D:1)
  4 hobgoblins (D:1)
  2 kobolds (D:1)
  A ball python (D:1)
  3 rats (D:1)
19 creatures vanquished.

Notes
Turn   | Place    | Note
-------+----------+-------------------------------------------
     0 | Abyss:1  | mistymad the Formicid Abyssal Knight began the quest for the Orb.
     0 | Abyss:1  | Reached XP level 1. HP: 18/18 MP: 2/2
    54 | Abyss:1  | Noticed a giant orange brain
    55 | D:1      | Escaped the Abyss
   173 | D:1      | Reached * piety under Lugonu
   174 | D:1      | Reached XP level 2. HP: 18/24 MP: 3/3
   708 | D:1      | Reached XP level 3. HP: 30/30 MP: 4/4
   805 | D:1      | Slain by a gnoll

Vault maps used:
D:1:      dpeg_arrival_snail

Action                   || total
-------------------------++-------
Melee: Hand axe          ||    63
Invok: Depart the Abyss  ||     1
Armor: Leather armour    ||    22
Dodge: Dodged            ||    36
Block: Buckler           ||     3
